 Dungeon Crawl Stone Soup version 0.31-a0-150-g89dc3ad700 (webtiles) character file.

Game seed: 5551990187229614534

85483 Kenran the Spry (level 16, -9/204 HPs)
             Began as a Human Berserker on June 6, 2023.
             Was the Champion of Trog.
             Mangled by a vault guard
             ... wielding a +0 great sword
              (28 damage)
             ... on level 14 of the Dungeon on June 8, 2023.
             The game lasted 00:40:50 (27752 turns).

Kenran the Spry (Human Berserker)                  Turns: 27752, Time: 00:40:51

Health: -9/204     AC: 14    Str: 17    XL:     16   Next: 31%
Magic:  16/16      EV: 26    Int: 12    God:    Trog [******]
Gold:   1077       SH: 15    Dex: 26    Spells: 15/15 levels left

rFire   + . .        a - +0 demon blade (flame)
rCold   + . .        M - +0 kite shield
rNeg    . . .        G - +5 robe of Night {Dark Will+ SInv}
rPois   .            Q - +2 helmet {Int+3}
rElec   .            c - scarf {rC+ rF+}
rCorr   +            C - +1 pair of gloves
SInv    +            U - +1 pair of boots
Will    ++...        y - amulet of the acrobat Stlth
                     F - +6 ring of dexterity
HPRegen 0.54/turn    m - ring of resist corrosion
MPRegen 0.15/turn

%: acrobat
@: berserking, studying Shields, very quick
A: no striking features
a: Renounce Religion, Berserk, Trog's Hand, Brothers in Arms


You were on level 14 of the Dungeon.
You worshipped Trog.
Trog was exalted by your worship.
You visited 2 branches of the dungeon, and saw 20 of its levels.
You also visited: Sewer, Ossuary and Volcano.

You collected 1302 gold pieces.
You spent 225 gold pieces at shops.

Inventory:

Hand Weapons
 a - a +0 demon blade of flaming (weapon)
 V - a +4 scimitar of flaming
Missiles
 J - 3 throwing nets (quivered)
Armour
 c - a scarf of resistance (worn)
 C - a +1 pair of gloves (worn)
 G - the +5 robe of Night (worn) {Dark Will+ SInv}
   (You found it on level 7 of the Dungeon)

   Dark:      It shrouds the wearer in darkness, reducing the range at which
   they can see and be seen by others.
   SInv:      It lets you see invisible.
   Will:      It increases your willpower.
 M - a +0 kite shield (worn)
 Q - a +2 helmet of intelligence (worn)
 U - a +1 pair of boots (worn)
Jewellery
 m - a ring of resist corrosion (right hand)
 p - a ring of see invisible
 y - an amulet of the acrobat (around neck)
 F - a +6 ring of dexterity (left hand)
 O - a ring of positive energy
Wands
 w - a wand of charming (34)
 D - a wand of mindburst (19)
 L - a wand of flame (32)
Scrolls
 b - 4 scrolls of poison {!r}
 e - 6 scrolls of magic mapping
 h - 5 scrolls of fear
 i - 4 scrolls of teleportation
 k - 4 scrolls of fog
 n - 2 scrolls of immolation {!r}
 o - 3 scrolls of enchant armour
 q - 3 scrolls of vulnerability {!r}
 s - a scroll of brand weapon
 u - 5 scrolls of enchant weapon
 x - a scroll of summoning
 E - a scroll of silence
 I - a scroll of acquirement
 T - 2 scrolls of blinking {unknown}
Potions
 d - 10 potions of degeneration {!q}
 f - 3 potions of cancellation
 g - 3 potions of ambrosia
 j - 3 potions of heal wounds {@q2}
 l - 8 potions of curing {@q1}
 r - 10 potions of haste
 t - 4 potions of mutation {!q}
 v - 2 potions of enlightenment
 z - 3 potions of magic {unknown}
 A - 3 potions of attraction {!q}
 B - 5 potions of lignification {!q}
 H - 2 potions of resistance {unknown}
 P - 2 potions of might
 S - a potion of invisibility
Miscellaneous
 K - a sack of spiders
 N - a phial of floods


   Skills:
 - Level 15.0 Fighting
 - Level 14.0 Long Blades
 - Level 2.0 Armour
 - Level 15.0 Dodging
 - Level 7.0 Stealth
 + Level 13.5 Shields
 - Level 6.0 Evocations


You had 15 spell levels left.
You didn't know any spells.
Your spell library was empty.

Dungeon Overview and Level Annotations

Branches:
Dungeon (15/15)            Temple (0/1) D:7            Lair (5/5) D:10
 Shoals (0/4) Lair:3        Snake (0/4) Lair:3        Slime (0/5) Lair:4
    Orc (0/2) D:10          Sewer (visited)         Ossuary (visited)
Volcano (visited)
 Vaults: D:13-14     Depths: D:15

Altars:
Cheibriados
Elyvilon
Fedhas
Gozag
Hepliaklqana
Kikubaaqudgha
Makhleb
Nemelex Xobeh
Okawaru
Qazlal
Ru
Sif Muna
Uskayaw
Vehumet
The Shining One
Jiyva

Shops:
D:2 [   D:12 [

Annotations:
D:11 2 transporters, xsansara's ghost, journeyman DjCj


Message History

You block the vault guard's attack.
The orc knight hits you but does no damage.
You hit the orc knight but do no damage.
The orc knight is heavily wounded.
You hit the orc knight but do no damage.
The orc knight is heavily wounded.
You block the orc knight's attack. You block the vault guard's attack.
You slash the orc knight! You burn the orc knight.
The orc knight is severely wounded.
The orc knight misses you.
The vault guard hits you with a +0 great sword!!
You hit the orc knight. You burn the orc knight.
The orc knight is almost dead.
You slash the orc knight! You burn the orc knight.
You kill the orc knight!
Trog accepts your kill.
The vault guard hits you with a +0 great sword!
* * * LOW HITPOINT WARNING * * *
Items here: ))) [[ ††.
A red film seems to cover your vision as you go berserk!
You feel yourself moving faster!
You feel mighty!
The vault guard hits you with a +0 great sword.
* * * LOW HITPOINT WARNING * * *
You slash the vault guard! You burn the vault guard.
The vault guard is moderately wounded.
The vault guard hits you with a +0 great sword!!
* * * LOW HITPOINT WARNING * * *
You hit the vault guard. You burn the vault guard.
The vault guard is moderately wounded.
You closely miss the vault guard.
The vault guard is moderately wounded.
You hit the vault guard. You burn the vault guard.
The vault guard is heavily wounded.
You block the vault guard's attack.
You slice the vault guard!! You burn the vault guard.
The vault guard is severely wounded.
You hit the vault guard but do no damage.
The vault guard is severely wounded.
The vault guard hits you with a +0 great sword!!
You die...

#...................+.
#......^............#.
#...........).......#.
#...................#.
#.........########.##.
#.........#......#.#..
##.........'......#.#..
#....)p....#......#.##.
#.....@....#......#..#.
#######....#[.....#..#.
###..##.....'..#.
▓≈~.#.....#..'.
▓≈≈~......#..#.
...≈≈≈~.....#..##
..o≈≈≈~.....+....
▓▓▓≈≈≈~.....#....
▓≈≈≈~.#####....


You could see a vault guard.

Vanquished Creatures
  A red draconian (Volcano)
  Josephine (Lair:4)
  Harold (Lair:2)
  A vault guard (D:14)
  5 hydras
  2 ogre magi
  Erica (Lair:2)
  A centaur warrior (D:10)
  3 boulder beetles
  8 two-headed ogres
  6 death yaks
  2 tengu warriors (D:13)
  Urug (Lair:5)
  Sonja (Lair:5)
  Nergalle (Lair:3)
  3 skysharks (Lair:5)
  Amaemon (Lair:2)
  A goliath frog (Lair:5)
  2 deep elf pyromancers
  An orc sorcerer (D:14)
  3 orc knights (D:14)
  2 wolf spiders (Lair:5)
  4 manticores
  12 ugly things
  2 cyclopes
  6 elephants
  2 torpor snails
  9 black mambas
  19 cane toads
  An orange demon (Lair:2)
  A gargoyle (D:12)
  Psyche (D:11)
  An unseen horror (D:11)
  A cane toad (shapeshifter) (D:11)
  14 komodo dragons
  3 rime drakes
  2 kobold demonologists (D:13)
  5 trolls
  A tyrant leech (Lair:5)
  2 polar bears
  30 blink frogs
  A snapping turtle (Lair:3)
  23 dream sheep
  12 slime creatures
  Sigmund (D:5)
  4 basilisks
  2 shadows (D:7)
  43 yaks
  8 wraiths
  5 wyverns
  A human (D:14)
  10 vampire mosquitoes
  Menkaure (D:5)
  3 nagas (Lair:3)
  A warg (D:14)
  2 hell hounds (Lair:1)
  An acid dragon (D:14)
  Duvessa (D:7)
  12 water moccasins
  A black bear (D:4)
  A swamp drake (D:10)
  7 orc warriors
  3 sky beasts
  An ogre (D:5)
  21 wolves
  9 centaurs
  3 kobold brigands
  6 scorpions
  3 elf zombies (Ossuary)
  15 bullfrogs
  9 wights
  Dowan (D:7)
  3 killer bees (D:10)
  9 howler monkeys
  6 electric eels
  A crimson imp (D:6)
  4 lava snakes (Lair:3)
  2 jellies
  A centaur zombie (Ossuary)
  3 hounds
  9 orc priests
  A gnoll bouda (D:9)
  A human zombie (Ossuary)
  A sleepcap (D:5)
  16 orc wizards
  2 iguanas
  5 hell rats (Lair:3)
  2 hound zombies (Ossuary)
  3 mummies (Ossuary)
  Robin (D:3)
  6 gnolls
  12 adders
  A river rat (Sewer)
  5 shadow imps
  6 white imps
  An ufetubus (D:5)
  3 adder zombies (Ossuary)
  4 worms
  2 dart slugs
  55 orcs
  11 endoplasms
  6 giant cockroaches
  A gnoll zombie (Ossuary)
  13 goblins
  8 hobgoblins
  26 kobolds
  5 quokkas
  8 ball pythons
  15 bats
  3 frilled lizards
  3 goblin zombies
  2 hobgoblin zombies (Ossuary)
  6 jackal zombies (Ossuary)
  4 kobold zombies (Ossuary)
  4 orc zombies (Ossuary)
  3 quokka zombies
  6 rats
  3 rat zombies (Ossuary)
667 creatures vanquished.

Vanquished Creatures (collateral kills)
  A black bear (Lair:4)
1 creature vanquished.

Vanquished Creatures (others)
  An unseen horror (shapeshifter) (D:11)
  An electric eel (Lair:3)
2 creatures vanquished.

Grand Total: 670 creatures vanquished

Notes
Turn   | Place    | Note
-------+----------+-------------------------------------------
     0 | D:1      | Kenran the Human Berserker began the quest for the Orb.
     0 | D:1      | Reached XP level 1. HP: 18/18 MP: 1/1
   279 | D:1      | Reached XP level 2. HP: 24/24 MP: 2/2
   690 | D:1      | Reached XP level 3. HP: 23/29 MP: 3/3
  1111 | D:2      | Reached ** piety under Trog
  1205 | D:2      | Found Ygix Bih's Antique Armour Boutique.
  1641 | D:2      | Reached XP level 4. HP: 22/35 MP: 4/4
  2022 | D:3      | Found an opulent altar of Gozag.
  2239 | D:3      | Reached skill level 5 in Long Blades
  2537 | D:3      | Noticed Robin
  2594 | D:3      | Killed Robin
  2756 | D:3      | Reached XP level 5. HP: 41/41 MP: 5/5
  2760 | D:3      | Found a shimmering blue altar of Sif Muna.
  2944 | D:3      | Reached *** piety under Trog
  2974 | D:3      | Reached XP level 6. HP: 47/47 MP: 6/6
  3170 | D:3      | Found a blossoming altar of Fedhas.
  3320 | D:4      | Found a glowing drain.
  3358 | Sewer    | Entered a sewer
  4598 | D:4      | Noticed a black bear
  4613 | D:4      | Killed a black bear
  4614 | D:4      | Reached XP level 7. HP: 52/52 MP: 7/7
  4837 | D:5      | Entered Level 5 of the Dungeon
  5003 | D:5      | Found a sparkling altar of Nemelex Xobeh.
  5039 | D:5      | Found an iron altar of Okawaru.
  5195 | D:5      | Found a sacrificial altar of Ru.
  5707 | D:5      | Noticed Sigmund
  5725 | D:5      | Killed Sigmund
  5726 | D:5      | Reached XP level 8. HP: 58/58 MP: 8/8
  5771 | D:5      | Noticed Menkaure
  5785 | D:5      | Killed Menkaure
  6120 | D:5      | Found a stormy altar of Qazlal.
  6171 | D:5      | Reached skill level 10 in Long Blades
  6426 | D:6      | Reached **** piety under Trog
  6676 | D:6      | Found a sand-covered staircase.
  6689 | Ossuary  | Entered an ossuary
  6804 | Ossuary  | Reached XP level 9. HP: 67/67 MP: 9/9
  6832 | Ossuary  | Reached skill level 5 in Fighting
  7287 | D:6      | Reached ***** piety under Trog
  7440 | D:6      | Found a radiant altar of Vehumet.
  7440 | D:6      | Found a burning altar of Makhleb.
  7480 | D:6      | Found a white marble altar of Elyvilon.
  7538 | D:6      | Found a hide-covered altar of Uskayaw.
  7545 | D:6      | Identified the +4 falchion of Impatience {holy, Drain rF+
                  | rCorr Str+7}
  7609 | D:6      | Found a glowing golden altar of the Shining One.
  7709 | D:7      | Noticed Dowan
  7889 | D:7      | Noticed Duvessa
  7903 | D:7      | Killed Duvessa
  8141 | D:7      | Killed Dowan
  8228 | D:7      | Found a snail-covered altar of Cheibriados.
  8351 | D:7      | Found a hazy altar of Hepliaklqana.
  8516 | D:7      | Found a staircase to the Ecumenical Temple.
  8860 | D:7      | Reached XP level 10. HP: 62/79 MP: 10/10
  9024 | D:7      | Reached skill level 1 in Evocations
  9196 | D:7      | Found the +5 robe of Night {Dark Will+ SInv}
  9659 | D:8      | Noticed a two-headed ogre
  9680 | D:8      | Found an ancient bone altar of Kikubaaqudgha.
  9799 | D:8      | Killed a two-headed ogre
 10112 | D:8      | Identified a scroll of acquirement
 10571 | D:8      | Acquired a manual of Shields
 10637 | D:9      | Identified the +8 dagger of Fragile Peace {heavy, rPois rN+
                  | Will++ Dex+3}
 10791 | D:9      | Reached XP level 11. HP: 72/86 MP: 11/11
 11508 | D:9      | Reached skill level 5 in Dodging
 11871 | D:10     | Entered Level 10 of the Dungeon
 11924 | D:10     | Found a staircase to the Lair.
 12078 | D:10     | Reached skill level 1 in Stealth
 12826 | D:10     | Noticed a two-headed ogre
 12851 | D:10     | Killed a two-headed ogre
 13005 | D:10     | Found a staircase to the Orcish Mines.
 13165 | D:10     | Noticed a centaur warrior
 13178 | D:10     | Killed a centaur warrior
 13506 | D:2      | Bought a runed helmet for 225 gold pieces
 13726 | D:11     | Found a transporter.
 13730 | D:11     | Found a transporter.
 13730 | D:11     | Noticed xsansara's ghost (journeyman DjCj)
 13730 | D:11     | Identified the +7 dire flail of Valiance {antimagic, Int+2
                  | Dex+2}
 13730 | D:11     | Identified the +7 dire flail "Woadyris" {protect, rCorr
                  | Str+4}
 13730 | D:11     | Noticed a two-headed ogre
 13731 | D:11     | Noticed a two-headed ogre
 13731 | D:11     | Noticed a two-headed ogre
 14141 | D:11     | Reached skill level 1 in Shields
 14195 | D:11     | Received a gift from Trog
 14259 | D:11     | Noticed Psyche
 14267 | D:11     | Killed Psyche
 14268 | D:11     | Reached XP level 12. HP: 92/92 MP: 12/12
 14550 | D:11     | Reached skill level 5 in Shields
 14601 | D:11     | Upgraded the game from 0.31-a0-145-g046c7d2549 to
                  | 0.31-a0-150-g89dc3ad700
 14767 | Lair:1   | Entered Level 1 of the Lair of Beasts
 14930 | Lair:1   | Found a dark tunnel.
 14941 | Volcano  | Entered a volcano
 14969 | Volcano  | Noticed an ogre mage
 14984 | Volcano  | Noticed a two-headed ogre
 14992 | Volcano  | Killed a two-headed ogre
 14994 | Volcano  | Found a burning altar of Makhleb.
 14995 | Volcano  | Noticed a red draconian
 14995 | Volcano  | Noticed a two-headed ogre
 14996 | Volcano  | Noticed a two-headed ogre
 15011 | Volcano  | Killed an ogre mage
 15012 | Volcano  | Reached skill level 10 in Shields
 15015 | Volcano  | Killed a two-headed ogre
 15020 | Volcano  | Killed a two-headed ogre
 15041 | Volcano  | Killed a red draconian
 15053 | Volcano  | Noticed a two-headed ogre
 15053 | Volcano  | Noticed a two-headed ogre
 15053 | Volcano  | Noticed a two-headed ogre
 15281 | Volcano  | Killed a two-headed ogre
 15335 | Volcano  | Killed a two-headed ogre
 15521 | Volcano  | Killed a two-headed ogre
 15522 | Volcano  | Reached skill level 10 in Fighting
 15722 | Lair:1   | Reached XP level 13. HP: 93/103 MP: 13/13
 17307 | Lair:1   | Reached skill level 5 in Evocations
 17428 | Lair:2   | Reached ****** piety under Trog
 17491 | Lair:2   | You fall into a shaft and drop 1 floor!
 17514 | Lair:3   | Received a gift from Trog
 17763 | Lair:3   | Noticed Nergalle
 17773 | Lair:3   | Killed Nergalle
 18045 | Lair:2   | Reached skill level 10 in Dodging
 18097 | Lair:2   | Noticed Erica
 18106 | Lair:2   | Killed Erica
 18358 | Lair:2   | Noticed Amaemon
 18369 | Lair:2   | Killed Amaemon
 18370 | Lair:2   | Reached XP level 14. HP: 115/115 MP: 14/14
 18502 | Lair:2   | Noticed Harold
 18516 | Lair:2   | Killed Harold
 19423 | Lair:3   | Found a staircase to the Snake Pit.
 19682 | Lair:3   | Reached skill level 5 in Stealth
 20138 | Lair:3   | Received a gift from Trog
 20854 | Lair:3   | Found a staircase to the Shoals.
 21361 | Lair:4   | Noticed Josephine
 21380 | Lair:4   | Killed Josephine
 22366 | Lair:4   | Found a viscous altar of Jiyva.
 22366 | Lair:4   | Found a staircase to the Slime Pits.
 23031 | Lair:4   | Found a staircase to the Slime Pits.
 23032 | Lair:4   | Found a viscous altar of Jiyva.
 23356 | Lair:5   | Entered Level 5 of the Lair of Beasts
 23384 | Lair:5   | Reached XP level 15. HP: 122/122 MP: 15/15
 23630 | Lair:5   | Received a gift from Trog
 23742 | Lair:5   | Noticed Sonja
 23764 | Lair:5   | Killed Sonja
 23910 | Lair:5   | Noticed Urug
 24005 | Lair:5   | Killed Urug
 24499 | Lair:5   | Identified the +8 war axe "Meliq" {drain, rPois Will+ Str+2
                  | Dex+4}
 25287 | D:12     | Found Archeble's Antique Armour Boutique.
 26450 | D:13     | Identified the staff of death "Tousuzy" {rPois rC+ rN+
                  | Int+4}
 26701 | D:14     | You fall into a shaft and drop 1 floor!
 26701 | D:15     | Entered Level 15 of the Dungeon
 26727 | D:15     | Reached XP level 16. HP: 107/134 MP: 16/16
 27716 | D:14     | Reached skill level 15 in Fighting
 27716 | D:14     | Reached skill level 15 in Dodging
 27752 | D:14     | Mangled by a vault guard

Illustrated notes

Levels and vault maps discovered:
D:1:      sevenhm_arrival_forest_fort_large_2, layout_basic
D:2:      layout_basic, serial_shops, shop
D:3:      layout_basic, kennysheep_orc_sif_temple, fedhas_altar_fruit_tree,
          mainiacjoe_overflow_boulevard, chequers_serial_rivers_small_b,
          hangedman_abyss_or_decor_stabs, grunt_decor_mini_mirrors, uniq_robin
D:4:      minmay_spotlight, layout_gridville, cheibrodos_sewer_entry_bend
D:5:      layout_gridville, mainiacjoe_overflow_paths,
          okawaru_ov_weapons_minmay, mainiacjoe_overflow_large_starburst,
          kennysheep_generic_room_8, uniq_menkaure, uniq_sigmund
D:6:      layout_rooms, grunt_temple_overflow_lords_of_destruction,
          eat_drink_and_be_merry_uskayaw, kennysheep_little_box,
          lemuel_coloured_pillars_altar, enter_ossuary_4
D:7:      layout_rooms, nicolae_overflow_crystal_walls,
          nicolae_hepliaklqana_hazy_memory, minmay_temple_entry_trees,
          hellmonk_guarded_unrand_night, uniq_duvessa
D:8:      layout_layer_cave, kiku_gazebo_pond_becter
D:9:      layout_grid_maze
D:10:     layout_long_grid, grunt_lair_entry_orc_guard_hut, erik_orc_1
D:11:     layout_basic, gammafunk_ghost_smash, uniq_psyche
D:12:     layout_rooms, serial_shops, nicolae_shop_waterfront
D:13:     layout_rooms
D:14:     layout_irregular_city, grunt_vaults_entry_fortified,
          minmay_misc_feat_cross, kennysheep_windowed_goal
D:15:     gammafunk_enter_depths_forms, layout_rooms, special_room
          [special_room_orc], nrook_campfire, nicolae_shop_gadgets
Lair:1:   layout_cave_pods, portal_ice_cave_entry_pillars_1, enter_volcano_3,
          grunt_megastairs_2
Lair:2:   layout_cave_shapes, infiniplex_staircase_pool, uniq_amaemon,
          uniq_harold, uniq_erica
Lair:3:   layout_cave_pods, minmay_shoals_entry_hut, nicolae_snake_entry_squirm,
          nicolae_lair_liquid_snakes, uniq_nergalle
Lair:4:   layout_regular_city, dpeg_slime_entry_enclosed, lemuel_fruit_tree,
          serial_bayou_shore_a, grunt_megastairs_1, uniq_josephine
Lair:5:   minmay_lair_end_frog_pond, layout_small_grid, roderic_batcave,
          nicolae_lair_run_with_the_wolves, uniq_urug, uniq_sonja

Skill      XL: |  1  2  3  4  5  6  7  8  9 10 11 12 13 14 15 16 |
---------------+-------------------------------------------------+-----
Long Blades    | 4 5 6 7 9 10 11 12 13 14 | 14.0
Fighting       | 4 7 8 10 12 14 15 | 15.0
Evocations     | 4 6 |  6.0
Dodging        | 4 7 8 10 12 14 15 | 15.0
Stealth        | 4 7 |  7.0
Shields        | 3 10 13 | 13.5
Armour         | |  2.0

Action                     |  1- 3 |  4- 6 |  7- 9 | 10-12 | 13-15 | 16-18 || total
---------------------------+-------+-------+-------+-------+-------+-------++-------
  Melee: Falchion          |   105 |       |       |       |       |       ||   105
         Short sword       |    32 |   324 |   348 |       |       |       ||   704
         Punch             |     1 |     3 |     8 |     5 |       |       ||    17
         Long sword        |       |       |   349 |    85 |       |       ||   434
         Scimitar          |       |       |       |   473 |       |       ||   473
         Demon blade       |       |       |       |    23 |  1280 |   187 ||  1490
 Invoke: Berserk           |       |     1 |     4 |     2 |     6 |     1 ||    14
         Trog's Hand       |       |       |     2 |     2 |     1 |       ||     5
  Evoke: Wand              |       |       |       |     6 |     7 |       ||    13
         Phial of floods   |       |       |       |       |     1 |       ||     1
    Use: Scroll            |       |     6 |     5 |     4 |    11 |       ||    26
         Potion            |       |       |     2 |     5 |     1 |       ||     8
   Stab: Sleeping          |     2 |       |       |     8 |    19 |       ||    29
         Distracted        |       |       |       |     1 |     5 |       ||     6
 Armour: Animal skin       |    10 |       |       |       |       |       ||    10
         Ring mail         |    21 |    80 |   238 |     5 |       |       ||   344
         Robe              |       |       |       |   188 |   139 |     7 ||   334
  Dodge: Dodged            |    80 |   102 |   241 |   380 |   653 |    78 ||  1534
  Block: Kite shield       |       |       |       |   146 |   747 |    99 ||   992

Table legend: (Time is in decaauts)
 A = Elapsed time spent in this place.
 B = Non-inter-level travel time spent in this place.
 C = Inter-level travel time spent in this place.
 D = Time resting spent in this place.
 E = Time spent auto-exploring this place.
 F = Levels seen in this place.
 G = Mean time per level.
                   A        B        C        D        E       F      G
               +--------+--------+--------+--------+--------+-----+--------+
         Total |  27108 |  25866 |   1242 |   6841 |  13418 |  23 | 1178.6 |
       Dungeon |  15847 |  14993 |    854 |   3626 |   8379 |  15 | 1056.5 |
          Lair |   9357 |   8969 |    388 |   2450 |   4564 |   5 | 1871.4 |
         Sewer |    703 |    703 |      0 |    325 |    168 |   1 |  703.0 |
       Ossuary |    506 |    506 |      0 |     91 |    170 |   1 |  506.0 |
       Volcano |    694 |    694 |      0 |    349 |    136 |   1 |  694.0 |
               +--------+--------+--------+--------+--------+-----+--------+

Top non-repeatable levels by time:
  Lair:3: 2283 daAuts
  Lair:4: 2153 daAuts
  Lair:1: 1860 daAuts
  Lair:5: 1580 daAuts
    D:10: 1559 daAuts
  Lair:2: 1478 daAuts
     D:8: 1367 daAuts
     D:5: 1275 daAuts
     D:9: 1270 daAuts
     D:3: 1260 daAuts
     D:6: 1231 daAuts
     D:7: 1182 daAuts
    D:11: 1103 daAuts
     D:1: 1061 daAuts
    D:14: 1055 daAuts
